AoeStats
← lapskaus

Arena

508485134Analyzed
1v1 RM · 10d ago on Sep 22, 2026· 36m 29s· 2 players
Game mode
Random Map
Map size
Tiny (2 player)
Population
200
Speed
Normal
Resources
Standard
Victory
Conquest
Starting age
Dark Age
Ending age
Imperial Age
RankedLock teamsTeams togetherTeam positionsShared explorationLock speedFull tech treeHidden civsTurbo modeCheats
Victory
Defeat
🇧🇪 Slavs · Belgium
1073
+16
🇳🇴 Malay · Norway
1069
-16
lapskaus
7:50 Loom
11:20 Feudal Age
12:28 Feudal Age
12:24 Double-Bit Axe
16:30 Castle Age
17:14 Wheelbarrow
17:55 Bow Saw
18:05 Horse Collar
21:59 Hand Cart
32:52 Imperial Age
30:41 Fletching
31:07 Heavy Plow
30:40 Crossbowman
31:28 Thumb Ring
31:26 Gold Mining
32:19 Town Watch
32:11 Arbalester
32:53 Bodkin Arrow
34:19 Bracer
VIRUS_TF
7:33 Loom
11:42 Feudal Age
15:18 Castle Age
13:23 Horse Collar
14:02 Double-Bit Axe
16:49 Wheelbarrow
18:24 Bow Saw
21:15 Gold Mining
23:51 Loom
23:53 Town Watch
24:38 Man-at-Arms
25:44 Scale Mail Armor
25:55 Forging
29:22 Imperial Age
27:32 Scale Barding Armor
27:44 Chain Mail Armor
27:18 Pikeman
28:00 Squires
29:07 Heavy Plow
29:13 Stone Mining
31:31 Conscription
31:33 Chain Barding Armor
31:50 Iron Casting
33:03 Chemistry
32:51 Plate Barding Armor
32:02 Halberdier
33:32 Theocracy
33:52 Gold Shaft Mining
33:49 Town Patrol
35:50 Blast Furnace
35:10 Elite Boyar
Connection lost

Rejoining the realm…

Still unreachable

The connection could not be restored.

Session expired

The server has moved on; the page needs a fresh start.